[Event "Schack-SM 2024: Veteran-SM 65+"]
[Site "Fortnox Arena, Hejaregatan 5, Vaxjo, Sweden"]
[Date "2024.06.30"]
[Round "2.4"]
[White "Blomstrom, Lars"]
[Black "Larsson, Per-Olov"]
[Result "1/2-1/2"]
[TimeControl "90 minutes for 40 moves + 30 minutes for the rest of the game + 30 seconds per move from move one."]
[WhiteElo "2122"]
[BlackElo "1933"]

1. Nf3 Nf6 2. g3 d5 3. Bg2 e6 4. O-O Be7 5. d3 O-O 6. Nbd2 b6 7. e4 Bb7 8. e5 Nfd7 9. Re1 c5 10.
Nf1 Nc6 11. h4 Rc8 12. Bf4 Re8 13. N1h2 f6 14. Bh3 f5 15. Ng5 Bxg5 16. Bxg5 Qc7 17. c3 d4 18. Bf4 dxc3 19. bxc3 Ne7 20.
Bg2 Bxg2 21. Kxg2 Ng6 22. Nf3 Nxf4+ 23. gxf4 Nb8 24. Kh2 Rcd8 25. Qe2 Nc6 26. Rac1 Qe7 1/2-1/2

[Event "Schack-SM 2024: Veteran-SM 65+"]
[Site "Fortnox Arena, Hejaregatan 5, Vaxjo, Sweden"]
[Date "2024.06.30"]
[Round "2.5"]
[White "Andersson, Sven-Olof"]
[Black "Adler, Bo"]
[Result "1-0"]
[TimeControl "90 minutes for 40 moves + 30 minutes for the rest of the game + 30 seconds per move from move one."]
[WhiteElo "1884"]
[BlackElo "2108"]

1. d4 d5 2. Nf3 Nf6 3. g3 Nbd7 4. Bg2 e6 5. O-O c6 6. b3 Bd6 7. Bb2 Qc7 8. Nbd2 e5 9. dxe5 Nxe5 10.
Nxe5 Bxe5 11. Bxe5 Qxe5 12. e4 O-O 13. exd5 cxd5 14. Re1 Qc7 15. c4 Bg4 16. Bf3 Bxf3 17. Qxf3 Qa5 18. Re2 Rad8 19. cxd5 Rxd5 20. Nc4 Qc7 21. Rae1 Rfd8 22. Qxd5 1-0

[Event "Schack-SM 2024: Veteran-SM 65+"]
[Site "Fortnox Arena, Hejaregatan 5, Vaxjo, Sweden"]
[Date "2024.06.30"]
[Round "2.6"]
[White "Hedin, Gunnar"]
[Black "Ghafari, Raymond"]
[Result "1-0"]
[TimeControl "90 minutes for 40 moves + 30 minutes for the rest of the game + 30 seconds per move from move one."]
[WhiteElo "2064"]
[BlackElo "1909"]

1. d4 Nf6 2. c4 e6 3. Nc3 d5 4. cxd5 exd5 5. Bg5 Be7 6. e3 O-O 7. Qc2 c6 8. Bd3 h6 9. Bh4 Nbd7 10. Nge2 Re8 11. f3 Nf8 12. Bf2 c5 13. O-O c4 14.
Bf5 g6 15. Bxc8 Rxc8 16. h3 Bd6 17. e4 dxe4 18. fxe4 Nh5 19. e5 Be7 20. Rad1 f6 21. e6 f5 22. d5 a6 23. Qd2 Bg5 24.
Be3 Ng7 25. Bxg5 hxg5 26. g4 Nh7 27. Nd4 Qd6 28. Qg2 Rf8 29. Kh1 b5 30. a3 Rce8 31. Qh2 f4 32. Qc2 Qe5 33. Rfe1 Qf6 34.
Nf3 Nxe6 35. dxe6 Rxe6 36. Rxe6 Qxe6 37. Qe4 Qxe4 38. Nxe4 Re8 39. Rd4 Kg7 40. Rd7+ Kg8 41. Rd4 Kg7 42.
Kg2 a5 43. Kf2 Rc8 44. Rd7+ Kg8 45. Rb7 Re8 46. Nfd2 Re5 47. Rc7 Nf8 48. Rc5 Nd7 49. Nf6+ 1-0

[Event "Schack-SM 2024: Veteran-SM 65+"]
[Site "Fortnox Arena, Hejaregatan 5, Vaxjo, Sweden"]
[Date "2024.06.30"]
[Round "2.7"]
[White "Alfven, Jorgen"]
[Black "Gillefalk, Bjorn"]
[Result "1/2-1/2"]
[TimeControl "90 minutes for 40 moves + 30 minutes for the rest of the game + 30 seconds per move from move one."]
[WhiteElo "1845"]
[BlackElo "2063"]

1. d4 Nf6 2. c4 g6 3. Nc3 Bg7 4. e4 O-O 5. Nf3 d6 6. h3 Na6 7. Be3 c5 8. d5 Nc7 9. a4 e6 10.
Bd3 exd5 11. cxd5 a6 12. O-O Re8 13. Nd2 Rb8 14. a5 Bd7 15. Nc4 Bb5 16. Qc2 Bxc4 17. Bxc4 b5 18. axb6 Rxb6 19.
Bg5 Qb8 20. Rab1 Nb5 21. Bxb5 axb5 22. Rfe1 h6 23. Bf4 Nd7 24. Qd2 h5 25. Bh6 Bf6 26. Bg5 Bh8 27. f4 b4 28. Nd1 c4 29.
f5 c3 30. Qf2 Ne5 31. fxg6 fxg6 32. Rf1 Rb7 33. bxc3 b3 34. Be3 Rf7 35. Qe2 Rxf1+ 36. Qxf1 Qb7 37. Qe2 Bg7 38. Bd4 Rc8 39.
Ne3 Rb8 40. Rb2 Qb5 41. Qxb5 Rxb5 42. Rb1 Rb8 1/2-1/2

[Event "Schack-SM 2024: Veteran-SM 65+"]
[Site "Fortnox Arena, Hejaregatan 5, Vaxjo, Sweden"]
[Date "2024.06.29"]
[Round "1.6"]
[White "Malmdin, Nils-Ake"]
[Black "Magnussen, Pal"]
[Result "1-0"]
[TimeControl "90 minutes for 40 moves + 30 minutes for the rest of the game + 30 seconds per move from move one."]
[WhiteTitle "FM"]
[WhiteElo "2064"]
[BlackElo "1905"]

1. e4 e5 2. Nf3 Nc6 3. d4 exd4 4. Bb5 Nf6 5. O-O Be7 6. e5 Ne4 7. Re1 Nc5 8. Nxd4 Nxd4 9. Qxd4 O-O 10.
Nc3 c6 11. Bf1 d5 12. exd6 Qxd6 13. Be3 Bf5 14. Qxc5 1-0

[Event "Schack-SM 2024: Veteran-SM 65+"]
[Site "Fortnox Arena, Hejaregatan 5, Vaxjo, Sweden"]
[Date "2024.06.29"]
[Round "1.7"]
[White "Gromark, Per-Olof"]
[Black "Hedin, Gunnar"]
[Result "1/2-1/2"]
[TimeControl "90 minutes for 40 moves + 30 minutes for the rest of the game + 30 seconds per move from move one."]
[WhiteElo "1898"]
[BlackElo "2064"]

1. c4 f5 2. Nc3 Nf6 3. g3 g6 4. Bg2 Bg7 5. d3 O-O 6. e4 d6 7. Nge2 c6 8. O-O Na6 9. h3 e5 10.
exf5 Bxf5 11. Bg5 h6 12. Bxf6 Bxf6 13. d4 exd4 14. Nxd4 Bd7 15. Qd2 Bg7 16. Rad1 Nc5 17. Nde2 Be6 18.
b3 Qb6 19. Nd4 Bf7 20. Nde2 Rad8 21. Ne4 Nxe4 22. Bxe4 d5 23. cxd5 Bxd5 24. Bxd5+ Rxd5 25. Qc2 Rxd1 1/2-1/2

[ePGN "0.1;DGT LiveChess/2.2.6"]

[Event "Schack-SM 2024: Veteran-SM 65+"]
[Site "Fortnox Arena, Hejaregatan 5, Vaxjo, Sweden"]
[Date "2024.06.29"]
[Round "1.1"]
[White "Larsson, Per-Olov"]
[Black "Wengholm, Anders"]
[Result "1/2-1/2"]
[TimeControl "90 minutes for 40 moves + 30 minutes for the rest of the game + 30 seconds per move from move one."]
[BlackTitle "CM"]
[WhiteElo "1933"]
[BlackElo "2180"]

1. e4 c5 2. c3 a6 3. d4 cxd4 4. cxd4 d5 5. e5 Bf5 6. Bd3 Bxd3 7. Qxd3 e6 8. Nf3 Nc6 9. O-O Nge7 10.
Nc3 Nf5 11. Rd1 h5 12. Bg5 Be7 13. Bxe7 Qxe7 14. Nxd5 exd5 15. Qxf5 Qe6 16. Qxe6+ fxe6 17. Rac1 Kd7 18. Rc5 Rac8 19.
Rdc1 Ne7 20. Rxc8 Nxc8 21. Kf1 Ne7 22. Ke2 Rf8 23. Rc3 Rf5 24. h4 Rf4 25. g3 Rf8 26. Ne1 Nf5 27. Nc2 Rg8 28.
Kd3 g5 29. hxg5 Rxg5 30. Ne3 Nxe3 31. Kxe3 Rg4 32. Rc1 h4 33. Rg1 hxg3 34. Rxg3 Re4+ 35. Kd3 Rf4 36. f3 Rf7 37. Ke3 Rh7 38.
Rg2 a5 39. Rd2 Rh4 40. b3 b6 41. Rc2 Rh1 42. Rg2 Rh7 43. a3 Kd8 44. b4 axb4 45. axb4 Rh1 46. Rg8+ Kd7 47. Rg7+ Kc6 48.
b5+ Kxb5 49. Rg6 Re1+ 50. Kd3 Ra1 51. Rxe6 Ra3+ 52. Ke2 Ra2+ 53. Ke3 Ra3+ 54. Ke2 Ra2+ 55. Ke3 Ra3+ 1/2-1/2

[Event "Schack-SM 2024: Veteran-SM 65+"]
[Site "Fortnox Arena, Hejaregatan 5, Vaxjo, Sweden"]
[Date "2024.06.29"]
[Round "1.2"]
[White "Engstrom, Kaj"]
[Black "Vrabec, Josip"]
[Result "1-0"]
[TimeControl "90 minutes for 40 moves + 30 minutes for the rest of the game + 30 seconds per move from move one."]
[WhiteElo "2163"]
[BlackElo "1926"]

1. e4 c5 2. Nf3 g6 3. Bc4 Nc6 4.
O-O Bg7 5. c3 Nf6 6. e5 Ng8 7. d4 d6 8. exd6 Qxd6 9. Ng5 Nh6 10. Ne4 Qc7 11. Nxc5 Ng4 12. g3 O-O 13. Be2 h5 14.
Nd2 Rd8 15. Ndb3 a5 16. a4 b6 17. Ne4 Bf5 18. f3 Nf6 19. Bd3 Bh3 20. Re1 e5 21. Bg5 Qe7 22. Bb5 Qe6 23. Bxf6 Bxf6 24.
d5 1-0

[Event "Schack-SM 2024: Veteran-SM 65+"]
[Site "Fortnox Arena, Hejaregatan 5, Vaxjo, Sweden"]
[Date "2024.06.29"]
[Round "1.3"]
[White "Ghafari, Raymond"]
[Black "Blomstrom, Lars"]
[Result "1/2-1/2"]
[TimeControl "90 minutes for 40 moves + 30 minutes for the rest of the game + 30 seconds per move from move one."]
[WhiteElo "1909"]
[BlackElo "2122"]

1. d4 Nf6 2. Nf3 g6 3. g3 Bg7 4. Bg2 O-O 5. O-O d6 6. a4 Nbd7 7. a5 a6 8. Nbd2 e5 9. dxe5 dxe5 10. e4 Re8 11. Re1 Nf8 12. Ra3 Qe7 13. Qe2 Bd7 14.
Qc4 Bc6 15. b4 Rad8 16. Bb2 Bb5 17. Qb3 c5 18. bxc5 N8d7 19. Bc3 Nxc5 20. Qb2 Na4 21. Qa1 Nxc3 22. Rxc3 Rc8 23. Bf1 Bxf1 24.
Kxf1 Qb4 25. Rxc8 Rxc8 26. Rb1 Qc5 27. Qxe5 Qxc2 28. Rxb7 Qd1+ 29. Kg2 Re8 30. Rb8 Qa4 31. Rxe8+ Nxe8 32.
Qd5 h6 33. e5 Qg4 34. Ne4 Qe6 35. Qc5 Bf8 36. Qb6 Kg7 37. Qd4 Be7 38. Nfd2 Nc7 39. Nc5 Qc6+ 40. Nce4 Ne6 41. Qb6 Qd5 42.
f4 Nc5 43. Qb1 Bd8 44. Qc2 Nxe4 45. Nxe4 Bxa5 46. Kh3 Qe6+ 47. Kg2 Qd5 48. Kh3 Bb6 49. Nf6 Qc5 1/2-1/2

[Event "Schack-SM 2024: Veteran-SM 65+"]
[Site "Fortnox Arena, Hejaregatan 5, Vaxjo, Sweden"]
[Date "2024.06.29"]
[Round "1.4"]
[White "Adler, Bo"]
[Black "Ekelund, Kurt"]
[Result "1/2-1/2"]
[TimeControl "90 minutes for 40 moves + 30 minutes for the rest of the game + 30 seconds per move from move one."]
[WhiteElo "2108"]
[BlackElo "1907"]

1. d4 Nf6 2. c4 g6 3. Nc3 Bg7 4. e4 d6 5. Be2 O-O 6. Bg5 h6 7. Be3 c5 8. d5 e6 9. f3 exd5 10.
cxd5 Na6 11. Qd2 Nc7 12. Bxh6 Nxe4 13. fxe4 Qh4+ 14. g3 Qxh6 15. Nf3 Rb8 16. a4 Bd7 17. Qxh6 Bxh6 18. e5 Na6 19.
Ne4 Bg7 20. Nxd6 Nb4 21. Bc4 Bg4 22. O-O Bxf3 23. Rxf3 Bxe5 24. Nxf7 Bd4+ 25. Kg2 Nc2 26. d6 Kg7 27. Raf1 Ne3+ 28.
Rxe3 Bxe3 29. d7 Bd4 30. d8=Q Rbxd8 31. Nxd8 Rxd8 32. Rf7+ Kh6 33. Rxb7 Rf8 34. b3 a5 35. h4 g5 36. Bd3 gxh4 37. gxh4 Kh5 38. Rh7+ Kg4 39. Be2+ Kf4 40.
Bc4 Kg4 41. Be6+ Kf4 42. Kh3 Rf6 43. Bf7 Be5 44. Rg7 Ke3 45. Bh5 Rb6 46. Rf7 Rf6 47. Rxf6 Bxf6 48. Kg4 Ke4 49. Bf7 Ke5 50.
h5 Be7 51. h6 Kf6 52. Be8 Bd6 53. Bh5 Bf8 54. h7 Kg7 55. Bg6 Kh8 56. Bf7 1/2-1/2

[Event "Schack-SM 2024: Veteran-SM 65+"]
[Site "Fortnox Arena, Hejaregatan 5, Vaxjo, Sweden"]
[Date "2024.06.29"]
[Round "1.5"]
[White "Wedin, Svante"]
[Black "Lagerborg, Krister"]
[Result "1-0"]
[TimeControl "90 minutes for 40 moves + 30 minutes for the rest of the game + 30 seconds per move from move one."]
[WhiteElo "1907"]
[BlackElo "2091"]

1. e4 c5 2. Nf3 d6 3. d4 cxd4 4. Nxd4 Nf6 5. Nc3 a6 6. Be3 e5 7. Nb3 Be6 8. Nd5 Bxd5 9. exd5 Nbd7 10.
a4 Rc8 11. a5 Be7 12. Be2 O-O 13. O-O Ne4 14. f3 Nec5 15. Nxc5 dxc5 16. Qd2 Bd6 17. Bg5 f6 18. Bh4 Qe8 19.
c4 f5 20. Bg3 Qe7 21. Bd3 Rce8 22. Qc2 Qf6 23. Rae1 e4 24. fxe4 Bxg3 25. hxg3 Qd4+ 26. Kh2 Ne5 27. Be2 fxe4 28. Qc3 Rf6 29. Rxf6 gxf6 30.
Rf1 Kg7 31. Rf4 Ng6 32. Rf1 Re5 33. Qb3 Re7 34. Qb6 e3 35. Rd1 Qe5 36. d6 Rd7 37. Rd5 Qe6 38. Qxc5 Ne5 39. Qd4 Nc6 40.
Qg4+ Qxg4 41. Bxg4 Rd8 42. Kg1 Ne5 43. Be2 Kf7 44. c5 Ke6 45. Rd4 f5 46. Bf3 Nxf3+ 47. gxf3 Ke5 48. Rh4 Rd7 49.
Kf1 Rg7 50. Ke2 Rxg3 51. Kxe3 Rg7 52. Rh5 Ke6 53. Kf4 Rf7 54. b4 Kd7 55. Rxf5 Rg7 56. Ke5 Kc6 57. Ke6 Rg1 58. Rf7 1-0